AoeStats
← psycstiks212

Black Forest

510170381Analyzed
2v2 RM · 3d ago on Sep 29, 2026· 37m 47s· 4 players
Game mode
Random Map
Map size
Medium (4 player)
Population
200
Speed
Normal
Resources
Standard
Victory
Conquest
Starting age
Dark Age
Ending age
Imperial Age
RankedLock teamsTeams togetherTeam positionsShared explorationLock speedFull tech treeHidden civsTurbo modeCheats
Victory
Defeat
🇺🇸 Burmese · United States
775
+14
🇫🇮 Franks · Finland
750
+15
🇮🇳 Huns · India
750
-15
719
-14
Tarik-Ali y los Umpalumpa
13:32 Feudal Age
11:49 Loom
14:39 Man-at-Arms
19:15 Double-Bit Axe
24:27 Castle Age
26:34 Town Watch
28:47 Gold Mining
29:11 Bow Saw
30:33 Long Swordsman
31:58 Wheelbarrow
31:06 Horse Collar
House of Huns
0:34 Loom
15:59 Feudal Age
19:56 Castle Age
19:58 Double-Bit Axe
19:55 Horse Collar
26:32 Caravan
27:39 Bow Saw
27:42 Heavy Plow
30:21 Gold Mining
31:22 Fletching
31:32 Padded Archer Armor
34:12 Imperial Age
32:19 Wheelbarrow
31:30 Town Watch
32:48 Ballistics
33:52 Bloodlines
33:42 Husbandry
33:40 Bodkin Arrow
34:00 Leather Archer Armor
33:54 Thumb Ring
33:15 Pikeman
33:56 Squires
33:41 Arson
35:13 Bracer
36:19 Chemistry
35:49 Parthian Tactics
36:14 Forging
36:04 Scale Mail Armor
36:27 Hand Cart
36:13 Town Patrol
36:22 Heavy Cavalry Archer
Klingarn
1:05 Loom
14:52 Feudal Age
17:13 Gold Mining
17:12 Double-Bit Axe
24:23 Forging
24:19 Scale Barding Armor
27:42 Castle Age
28:58 Gold Shaft Mining
28:58 Husbandry
30:07 Bow Saw
31:14 Iron Casting
31:05 Chain Barding Armor
36:00 Stone Mining
psycstiks212
0:59 Loom
12:57 Feudal Age
14:15 Town Watch
15:30 Wheelbarrow
15:10 Gold Mining
15:05 Horse Collar
20:48 Castle Age
19:11 Stone Mining
19:26 Padded Archer Armor
19:27 Fletching
22:01 Hand Cart
23:54 Town Patrol
24:27 Heavy Plow
25:38 Gold Shaft Mining
25:29 Fervor
25:51 Treadmill Crane
26:19 Bodkin Arrow
30:30 Murder Holes
30:56 Ballistics
35:47 Imperial Age
34:28 Forging
34:19 Scale Mail Armor
34:25 Scale Barding Armor
35:26 Fortified Wall
35:02 Pikeman
35:42 Squires
35:28 Arson
37:30 Howdah
37:51 Conscription
37:36 Manipur Cavalry
37:37 Howdah
37:44 Bracer
38:57 Chemistry
38:18 Block Printing
Connection lost

Rejoining the realm…

Still unreachable

The connection could not be restored.

Session expired

The server has moved on; the page needs a fresh start.